 Dungeon Crawl Stone Soup version 0.17-a0-702-gb3a3556 (webtiles) character file.

278 inmateoo the Twirler (level 6, -5/47 HPs)
             Began as a Mummy Gladiator on Apr 19, 2015.
             Slain by a wyvern (6 damage)
             ... on level 6 of the Dungeon.
             The game lasted 00:04:46 (3924 turns).

inmateoo the Twirler (Mummy Gladiator)              Turns: 3924, Time: 00:04:46

Health: -5/47      AC:  7    Str: 19    XL:     6   Next: 5%
Magic:  6/6        EV: 15    Int:  7    God:
Gold:   94         SH:  0    Dex: 14    Spells: 0 memorised, 5 levels left

rFire  x . .     SeeInvis .     a - +1 quarterstaff
rCold  + . .     Clarity  .     f - +0 ring mail (curse)
rNeg   + + +     SustAb   .     (no shield)
rPois  ∞         Gourm    .     c - +1 helmet
rElec  .         Spirit   .     (no cloak)
rCorr  .         Warding  .     (no gloves)
rMut   .         Stasis   .     (no boots)
MR     .....                    (no amulet)
Stlth  ++........               p - ring of stealth
                                h - +3 ring of evasion

@: not resistant to hostile enchantments, unstealthy
A: no food or potions, fire vulnerability, cold resistance 1, negative energy
resistance 3, torment resistance, unbreathing
a: no special abilities


You were on level 6 of the Dungeon.
You were not hungry.

You visited 1 branch of the dungeon, and saw 6 of its levels.

You collected 94 gold pieces.

Inventory:

Hand weapons
 a - a +1 quarterstaff (weapon)
 e - a +0 dagger of venom
 g - the +3 long sword "Vuegimenn" {freeze, Int+3}
   (You found it on level 4 of the Dungeon)

   It has been specially enchanted to freeze those struck by it, causing extra
   injury to most foes and up to half again as much damage against particularly
   susceptible opponents.
   It can also slow down cold-blooded creatures.
   It affects your intelligence (+3).
Missiles
 d - 3 throwing nets (quivered)
Armour
 b - a +0 plate armour
 c - a +1 helmet (worn)
 f - a cursed +0 ring mail (worn)
Jewellery
 h - a +3 ring of evasion (left hand)
 p - a ring of stealth (right hand)
Magical devices
 k - a wand of fire (3)
Scrolls
 i - 3 scrolls of remove curse
 j - 2 scrolls of identify
 l - 2 scrolls of amnesia
 m - a scroll of magic mapping


   Skills:
 + Level 3.5 Fighting
 * Level 4.6 Staves
 - Level 1.5 Throwing
 + Level 3.1 Dodging


You had 5 spell levels left.
You didn't know any spells.

Dungeon Overview and Level Annotations

Branches:
Dungeon (6/15)
 Temple: D:4-7

Altars:
Dithmenos
Kikubaaqudgha
Nemelex Xobeh
Trog

Annotations:
D:3 Grinder
D:4 Dowan, Duvessa


Innate Abilities, Weirdness & Mutations

You do not eat or drink.
Your flesh is vulnerable to fire.
You are immune to poison.
Your flesh is cold resistant.
You are immune to negative energy.
You are immune to unholy pain and torment.
You can survive without breathing.


Message History

You hit the wyvern.
The wyvern is lightly wounded.
The wyvern bites you.
* * * LOW HITPOINT WARNING * * *
The wyvern closely misses you.
You hit the wyvern but do no damage.
The wyvern is lightly wounded.
The wyvern bites you.
* * * LOW HITPOINT WARNING * * *
Unknown command.
You can't drink.
Unknown command.
Read which item? (? for menu, Esc to quit)
Okay, then.
You closely miss the wyvern.
The wyvern is lightly wounded.
The wyvern bites you!
* * * LOW HITPOINT WARNING * * *
The wyvern bites you.
You die...

#################
........@........
........l........
............%..
.......####+###
....... ......
#####


You could see a wyvern.

Vanquished Creatures
  A sky beast (D:5)
  2 worker ants
  2 hound skeletons
  4 adders
  An ooze (D:1)
  A worm (D:3)
  2 ball pythons (D:1)
  8 bats
  5 goblins
  11 hobgoblins
  8 jackals (D:1)
  9 kobolds
  A quokka (D:5)
  A giant newt (D:2)
  9 rats
65 creatures vanquished.

Notes
Turn   | Place    | Note
--------------------------------------------------------------
     0 | D:1      | inmateoo, the Mummy Gladiator, began the quest for the Orb.
     0 | D:1      | Reached XP level 1. HP: 16/16 MP: 1/1
   476 | D:1      | Reached XP level 2. HP: 19/22 MP: 2/2
   739 | D:1      | Reached skill level 3 in Staves
   939 | D:1      | Reached XP level 3. HP: 17/28 MP: 3/3
  1589 | D:2      | Found an ancient bone altar of Kikubaaqudgha.
  2000 | D:2      | Reached XP level 4. HP: 31/34 MP: 4/4
  2200 | D:3      | Found a bloodstained altar of Trog.
  2273 | D:3      | Noticed Grinder
  2280 | D:4      | Got a dazzling long sword
  2281 | D:4      | Identified the +3 long sword "Vuegimenn" {freeze, Int+3} (You found it on level 4 of the Dungeon)
  2318 | D:4      | Found a shadowy altar of Dithmenos.
  2339 | D:4      | Found a sparkling altar of Nemelex Xobeh.
  2816 | D:4      | Reached skill level 4 in Staves
  2836 | D:4      | Reached XP level 5. HP: 28/41 MP: 5/5
  3172 | D:4      | Noticed Duvessa
  3172 | D:4      | Noticed Dowan
  3188 | D:5      | Entered Level 5 of the Dungeon
  3442 | D:5      | Noticed a sky beast
  3460 | D:5      | Killed a sky beast
  3460 | D:5      | Reached XP level 6. HP: 38/47 MP: 6/6
  3572 | D:5      | Noticed a wyvern
  3924 | D:6      | HP: 1/47 [wyvern (7)]
  3924 | D:6      | Slain by a wyvern

Action                   |  1- 3 |  4- 6 || total
-------------------------+-------+-------++-------
Melee: Quarterstaff      |   113 |   121 ||   234
  Use: Scroll            |     8 |     5 ||    13
